 Dungeon Crawl Stone Soup version 0.27-a0-1319-geec4fb4e21 (webtiles) character file.

Game seed: 8907334909007905528

2972 Sobieck the Nimble (level 9, -13/48 HPs)
             Began as a Spriggan Berserker on June 21, 2021.
             Was an Elder of Trog.
             Mangled by a two-headed ogre (22 damage)
             ... on level 10 of the Dungeon.
             The game lasted 00:22:50 (13262 turns).

Sobieck the Nimble (Spriggan Berserker)            Turns: 13262, Time: 00:22:50

Health: -13/48     AC:  5    Str: 16    XL:     9   Next: 53%
Magic:  10/10      EV: 23    Int: 14    God:    Trog [****..]
Gold:   238        SH:  0    Dex: 15    Spells: 8/8 levels left

rFire    . . .     SeeInvis +   a - +2 dagger (speed) {short}
rCold    . . .     Faith    .   (shield restricted)
rNeg     . . .     Spirit   .   t - +2 robe {Will+}
rPois    .         Reflect  .   D - +1 hat {Will+}
rElec    .         Harm     .   (no cloak)
rCorr    .         Rampage  .   (gloves unavailable)
Will     ++++.                  (boots unavailable)
Stlth    +.........             (no amulet)
HPRegen  0.16/turn              B - +6 ring of intelligence
MPRegen  0.12/turn              J - ring of willpower

@: very quick
A: very small, no large weapons, unfitting armour, see invisible, speed 3
a: Renounce Religion, Berserk, Trog's Hand, Brothers in Arms


You were on level 10 of the Dungeon.
You worshipped Trog.
Trog was greatly pleased with you.
You visited 1 branch of the dungeon, and saw 10 of its levels.

You collected 448 gold pieces.
You spent 210 gold pieces at shops.


Innate Abilities, Weirdness & Mutations

You are very small and have problems with some larger weapons.
You are too small for most types of armour.
You have supernaturally acute eyesight. (SInv)
You cover ground extremely quickly. (Speed+++)


   Skills:
 - Level 6.0 Fighting
 + Level 9.6 Short Blades
 + Level 11.2 Dodging


You had 8 spell levels left.
You didn't know any spells.
Your spell library contained the following spells:

 Spells                   Type           Power      Damage    Failure   Level
 Animate Skeleton         Necr           0%         N/A       28%         1
 Apportation              Tloc           0%         N/A       28%         1
 Corona                   Hex            0%         N/A       28%         1
 Pain                     Necr           0%         1d4       28%         1
 Summon Small Mammal      Summ           0%         N/A       28%         1
 Vampiric Draining        Necr           0%         2d6       65%         3
 Animate Dead             Necr           0%         N/A       96%         4
 Iskenderun's Mystic Bla  Conj/Tloc      0%         2d3       96%         4
 Sticky Flame             Conj/Fire      0%         2d3       96%         4
 Agony                    Necr           0%         N/A       100%        5
 Fireball                 Conj/Fire      0%         3d3       100%        5
 Orb of Destruction       Conj           0%         N/A       100%        7

Inventory:

Hand Weapons
 a - a +2 dagger of speed (weapon) {short}
   (You took it off an orc on level 9 of the Dungeon)
 b - a +0 hunting sling {sling}
   (You took it off a goblin on level 4 of the Dungeon)
 p - a +0 dagger {short}
   (You took it off a kobold on level 4 of the Dungeon)
 E - a +2 dagger of protection {short}
   (You found it on level 8 of the Dungeon)
 K - a +1 short sword {short}
 L - a +3 dagger {short}
   (You took it off an orc wizard on level 9 of the Dungeon)
Missiles
 d - 127 bolts
 e - 35 poisoned darts (quivered) {throwing}
 g - 225 stones {throwing}
 h - 159 sling bullets
 m - 3 throwing nets {=f!fthrowing}
 o - 134 arrows
Armour
 t - a +2 robe of willpower (worn)
   (You took it off Sigmund on level 5 of the Dungeon)
 D - a +1 hat of willpower (worn)
   (You bought it in a shop on level 9 of the Dungeon)
Magical Staves
 F - a staff of air {forbidden!astaff}
   (You found it on level 8 of the Dungeon)
Jewellery
 y - a ring of ice
   (You found it on level 6 of the Dungeon)
 B - a +6 ring of intelligence (left hand)
   (You found it on level 7 of the Dungeon)
 J - a ring of willpower (right hand)
   (You found it on level 9 of the Dungeon)
Wands
 q - a wand of digging (6)
   (You found it on level 3 of the Dungeon)
 u - a wand of iceblast (12)
   (You took it off Ijyb on level 4 of the Dungeon)
 x - a wand of polymorph (6)
   (You found it on level 5 of the Dungeon)
 C - a wand of paralysis (10)
   (You found it on level 7 of the Dungeon)
Scrolls
 r - 2 scrolls of teleportation {@r4}
 s - a scroll of enchant armour
 G - a scroll of fog
 H - a scroll of silence {unknown}
Potions
 c - 2 potions of curing {@q1}
 f - 4 potions of brilliance
 i - 2 potions of flight
 j - a potion of haste {@q3}
 k - 3 potions of degeneration {!q@e2}
 l - a potion of ambrosia
 n - 3 potions of might {unknown}
 w - a potion of resistance {unknown}
 z - a potion of mutation {unknown}
 A - 2 potions of attraction {unknown}
 I - a potion of heal wounds {unknown}
Miscellaneous
 v - a piece from Xom's chessboard (15/15)
   (You found it on level 6 of the Dungeon)

Dungeon Overview and Level Annotations

Branches:
Dungeon (10/15)            Temple (0/1) D:7
   Lair: D:8-11         Orc: D:9-12

Altars:
Elyvilon
Makhleb
Okawaru
Wu Jian
Yredelemnul
Zin

Shops:
D:2 :   D:3 ?(   D:7 *   D:9 [

Annotations:
D:5 3 runed translucent doors, Dvallin's ghost, amateur HuDe

##.#
####...##
#.......#
#.......#
#.......#
#.......#
+.......#
#.@O....#
#.......+
#.......#
#########


You could see a two-headed ogre.


Message History

😎 HP[+11]
Your hp is fully restored (48).
Things that are here:
a +0 mace {mace}; an orc corpse
Things that are here:
a +0 flail {mace}; a +0 leather armour; an orc corpse
Items here: )) [ ††.
An orc wizard comes into view. It is wielding a +3 dagger.
The orc wizard shouts!
Things that are here:
a +0 dagger {short}; a +0 robe; an orc corpse An orc wizard is nearby!
An orc comes into view. It is wielding a +0 dagger.
You recover from your berserk rage.
The orc shouts!
You hear a shout!
An orc comes into view. It is wielding a +0 short sword.
An orc comes into view. It is wielding a +0 short sword.
A red film seems to cover your vision as you go berserk!
You feel yourself moving faster!
You feel mighty!
The orc shouts!
The orc wizard gestures wildly while chanting.
The orc wizard flickers and vanishes for a moment. 😎 HP[+24]
You now have 72 max hp (+24).
Your hp is fully restored (72).
You feel a strong urge to attack something.
The orc wizard closely misses you.
You barely miss the orc wizard. You puncture the orc wizard!
You hit the orc wizard.
You kill the orc wizard!
Trog accepts your kill.
Trog appreciates your killing of a magic user.
You puncture the orc!
You feel the power of Trog in you as your rage grows.
You kill the orc!
Trog accepts your kill.
Things that are here:
a +0 dagger {short}; an orc corpse You closely miss the orc.
You puncture the orc!
You kill the orc!
Trog accepts your kill.
You feel a strong urge to attack something.
The orc closely misses you.
You hit the orc. You closely miss the orc. You puncture the orc!
You kill the orc!
Trog accepts your kill.
No target in view!
Unknown command.
You feel a strong urge to attack something.
You are no longer berserk.
You are exhausted.
You feel yourself slow down.
L - a +3 dagger {short} You see here a +0 robe. 😎 HP[-24]
You now have 48 max hp (-24).
Unknown command.
Things that are here:
a +0 dagger {short}; an orc corpse
Things that are here:
a +0 dagger {short}; an orc corpse You see here a +0 short sword {short}.
You see here a +0 short sword {short}.
Things that are here:
a +0 dagger {short}; an orc corpse
Things that are here:
a +0 short sword {short}; an orc corpse
Things that are here:
a +0 war axe {axe}; a +0 chain mail
Things that are here:
a +0 mace {mace}; an orc corpse
There is an open gate here.
h - 130 sling bullets (gained 14)
e - 35 poisoned darts {throwing} (gained 9)
d - 127 bolts (gained 22)
n - 3 white potions (gained 2)
You feel yourself speed up.
h - 159 sling bullets (gained 29)
There is an open gate here.
You recover from your berserk rage.
Found a stone staircase leading down.
Unknown command.
(D) Dungeon (T) Temple
Where to? (Enter - D:10, ? - help)
There is a stone staircase leading down here.
You climb downwards.
A two-headed ogre comes into view. It is wielding two +0 giant clubs.
The two-headed ogre shouts in stereo!
The two-headed ogre hits you with a +0 giant club!! x2
* * * LOW HITPOINT WARNING * * *
There is a stone staircase leading up, spattered with blood here. 😱 HP[-39]
You take 39 damage, and now have 9/48 hp.
MASSIVE DAMAGE!! (PAUSE)
The two-headed ogre misses you.
The two-headed ogre hits you with a +0 giant club!!
You die...

Skill      XL: |  1  2  3  4  5  6  7  8  9 |
---------------+----------------------------+-----
Fighting       | 3 4 5 6 |  6.0
Short Blades   | 4 5 6 8 9 |  9.6
Dodging        | 5 6 8 9 11 | 11.2

Action                   |  1- 3 |  4- 6 |  7- 9 || total
-------------------------+-------+-------+-------++-------
Melee: Short sword       |    79 |   284 |   428 ||   791
       Dagger            |       |       |    33 ||    33
 Fire: Hunting sling     |       |     5 |       ||     5
Throw: Dart              |       |       |     4 ||     4
Invok: Berserk           |     5 |    13 |    33 ||    51
  Use: Scroll            |       |     7 |     8 ||    15
 Stab: Sleeping          |     1 |     1 |       ||     2
       Distracted        |       |     1 |       ||     1
Armor: Animal skin       |    14 |    15 |     5 ||    34
       Robe              |       |       |    19 ||    19
Dodge: Dodged            |    76 |   241 |   314 ||   631

Levels and vault maps discovered:
D:1:      shiori_arrival_whats_in_store_for_you, layout_basic
D:2:      minmay_spotlight, layout_basic, serial_shops, shop,
          kennysheep_jessica_study, uniq_terence
D:3:      layout_loops_ring, serial_shops, nicolae_shop_waterfront, shop,
          ebering_ecumenical_altar_petrified, roderic_batcave
D:4:      layout_basic, uniq_robin, uniq_ijyb
D:5:      layout_cave_pools, minitemple, gammafunk_ghost_icy, uniq_sigmund
D:6:      layout_layer_cave, hellmonk_bongcloud_opening
D:7:      layout_cave_pools, minmay_temple_entry_purple_smoke, serial_shops,
          shop
D:8:      wad_lake_hut, layout_rooms, zin_academy
D:9:      layout_layer_cave, serial_shops, shop, special_room
          [special_room_bee], minmay_orc_keep
D:10:     layout_roguey, lair_entry_dummy, serial_bayou_pond_c, minmay_librarian

Notes
Turn   | Place    | Note
-------+----------+-------------------------------------------
     0 | D:1      | Sobieck the Spriggan Berserker began the quest for the Orb.
     0 | D:1      | Reached XP level 1. HP: 11/11 MP: 2/2
     0 | D:1      | Noticed a ghoul
     0 | D:1      | magus.rc [v1.9.6]
     7 | D:1      | Noticed a gargoyle
     8 | D:1      | Noticed a minotaur
     9 | D:1      | Noticed a demonspawn
    11 | D:1      | Noticed a gargoyle
    11 | D:1      | Noticed a vampire
    13 | D:1      | Noticed an elf
    13 | D:1      | Noticed a merfolk
    15 | D:1      | Noticed a spriggan
    15 | D:1      | Noticed a formicid
    17 | D:1      | Noticed a djinni
    17 | D:1      | Noticed a draconian
    17 | D:1      | Noticed an ogre
    19 | D:1      | Noticed a draconian
    21 | D:1      | Noticed a demonspawn
   529 | D:1      | You pick up a book of Necromancy {forbidden} and begin
                  | reading...
   529 | D:1      | You add the spells Pain, Animate Skeleton, Vampiric
                  | Draining, Animate Dead and Agony to your library.
   621 | D:2      | Reached XP level 2. HP: 16/16 MP: 3/3
   700 | D:2      | Found Gaugg's Book Emporium.
  1127 | D:2      | Reached XP level 3. HP: 10/19 MP: 4/4
  1329 | D:2      | Noticed Jessica
  1344 | D:2      | Killed Jessica
  1345 | D:2      | Reached skill level 3 in Fighting
  1345 | D:2      | Reached skill level 4 in Short Blades
  1538 | D:2      | Noticed Terence
  1548 | D:2      | Killed Terence
  1549 | D:2      | Reached skill level 5 in Dodging
  1549 | D:2      | Reached XP level 4. HP: 24/24 MP: 5/5
  1565 | D:2      | Reached ** piety under Trog
  2296 | D:2      | HP: 8/36 [orc (5)]
  2738 | D:3      | Found Ciarideh's Antique Weapon Boutique.
  2851 | D:3      | Reached XP level 5. HP: 28/28 MP: 6/6
  3039 | D:4      | Noticed Robin
  3208 | D:4      | Killed Robin
  3275 | D:5      | Entered Level 5 of the Dungeon
  3488 | D:3      | Found Uhufus's Magic Scroll Shop.
  3525 | D:3      | Noticed a black bear
  3535 | D:3      | Killed a black bear
  3536 | D:3      | Reached skill level 5 in Short Blades
  3536 | D:3      | Reached skill level 6 in Dodging
  3536 | D:3      | Reached XP level 6. HP: 33/33 MP: 7/7
  3667 | D:3      | Reached *** piety under Trog
  3780 | D:3      | Reached skill level 4 in Fighting
  4009 | D:3      | Found a faded altar of an unknown god.
  4378 | D:4      | HP: 11/49 [gnoll (9)]
  4383 | D:4      | HP: 7/49 [gnoll (5)]
  4832 | D:4      | Reached XP level 7. HP: 37/37 MP: 8/8
  5187 | D:4      | Reached skill level 7 in Dodging
  5462 | D:4      | Reached skill level 6 in Short Blades
  5992 | D:4      | Identified the Papyrus of Destructive Flames
  5993 | D:4      | Noticed Ijyb
  6021 | D:4      | Killed Ijyb
  6119 | D:4      | You add the spells Iskenderun's Mystic Blast, Sticky Flame,
                  | Fireball and Orb of Destruction to your library.
  6786 | D:5      | Reached skill level 8 in Dodging
  6793 | D:5      | Noticed Dvallin's ghost (amateur HuDe)
  6853 | D:5      | Reached skill level 5 in Fighting
  6867 | D:5      | Found a runed translucent gate.
  6867 | D:5      | Found a runed translucent gate.
  6867 | D:5      | Found a runed translucent gate.
  6889 | D:5      | Noticed Sigmund
  6900 | D:5      | Killed Sigmund
  6901 | D:5      | Reached XP level 8. HP: 43/43 MP: 9/9
  6998 | D:6      | Reached skill level 7 in Short Blades
  7799 | D:5      | Found an iron altar of Okawaru.
  7801 | D:5      | Found an ornate altar of the Wu Jian Council.
  7806 | D:5      | Found a white marble altar of Elyvilon.
  7808 | D:5      | Found a burning altar of Makhleb.
  7809 | D:5      | Found a basalt altar of Yredelemnul.
  7978 | D:7      | Reached skill level 9 in Dodging
  7981 | D:7      | Reached **** piety under Trog
  8418 | D:6      | You pick up a book of Cantrips {forbidden} and begin
                  | reading...
  8418 | D:6      | You add the spells Corona, Summon Small Mammal and
                  | Apportation to your library.
  9433 | D:6      | Reached skill level 6 in Fighting
  9900 | D:7      | Reached skill level 8 in Short Blades
  9900 | D:7      | Found Pong's Assorted Antiques.
 10142 | D:7      | Found a staircase to the Ecumenical Temple.
 10197 | D:7      | Reached XP level 9. HP: 41/48 MP: 10/10
 10199 | D:7      | Reached skill level 10 in Dodging
 10996 | D:9      | Found Nadotuept's Antique Armour Shoppe.
 11004 | D:9      | Bought an embroidered hat for 210 gold pieces
 11271 | D:8      | Reached skill level 9 in Short Blades
 11475 | D:8      | Found a glowing silver altar of Zin.
 12596 | D:9      | Reached skill level 11 in Dodging
 12777 | D:10     | Entered Level 10 of the Dungeon
 13261 | D:10     | Noticed a two-headed ogre
 13261 | D:10     | HP: 9/48 [two-headed ogre (21)]
 13262 | D:10     | Mangled by a two-headed ogre

Vanquished Creatures
  Sigmund (D:5)
  A steam dragon (D:9)
  A water moccasin (D:7)
  3 black bears
  A necrophage (D:5)
  2 ogres
  2 centaurs
  An orc warrior (D:7)
  2 kobold brigands (D:8)
  A bullfrog (D:8)
  2 scorpions (D:4)
  2 howler monkeys
  3 electric eels (D:8)
  2 vampire bats (D:3)
  A bullfrog zombie (D:6)
  4 hounds
  3 centaur zombies
  3 jellies
  7 iguanas
  A bullfrog skeleton (D:5)
  5 orc priests
  A gnoll shaman (D:8)
  4 orc wizards
  Jessica (D:2)
  Terence (D:2)
  Ijyb (D:4)
  A hound skeleton (D:4)
  Robin (D:4)
  11 gnolls
  5 adders
  A shadow imp (D:5)
  2 white imps
  An ufetubus (D:2)
  3 dart slugs
  22 orcs
  9 bats
  8 endoplasms
  A giant cockroach (D:2)
  11 goblins
  8 hobgoblins
  4 jackals (D:3)
  16 kobolds
  3 quokkas
  11 ball pythons
  3 frilled lizards (D:3)
  3 rats
180 creatures vanquished.

Vanquished Creatures (others)
  12 plants (D:8)
  5 withered plants (D:3)
17 creatures vanquished.

Grand Total: 197 creatures vanquished

Table legend:
 A = Non-vault XP
 B = Vault XP
 C = Vault XP percentage of total XP
 D = Non-vault monster count
 E = Vault monster count
 F = Vault count percentage of total count
                 A         B        C        D         E       F
            +---------+---------+-------+---------+---------+-------
      Total |    3616 |     630 |  14.8 |     141 |      39 |  21.7
            +---------+---------+-------+---------+---------+-------
        D:1 |       8 |       0 |   0.0 |       4 |       0 |   0.0
        D:2 |      59 |      85 |  59.0 |      24 |       8 |  25.0
        D:3 |     308 |     118 |  27.7 |      27 |       7 |  20.6
        D:4 |     463 |      73 |  13.6 |      26 |      14 |  35.0
        D:5 |     610 |     220 |  26.5 |      11 |       1 |   8.3
        D:6 |     339 |       0 |   0.0 |       6 |       0 |   0.0
        D:7 |     886 |       0 |   0.0 |      16 |       0 |   0.0
        D:8 |     712 |       0 |   0.0 |      22 |       0 |   0.0
        D:9 |     231 |     134 |  36.7 |       5 |       9 |  64.3
            +---------+---------+-------+---------+---------+-------

Illustrated notes

Table legend:
 A = Kills in this place as a percentage of kills in entire the game.
 B = Kills by you in this place as a percentage of kills by you in the entire game.
 C = Kills by friends in this place as a percentage of kills by friends in the entire game.
 D = Other kills in this place as a percentage of other kills in the entire game.
 E = Experience gained in this place as a percentage of experience gained in the entire game.
 F = Experience gained in this place divided by the number of levels of this place that you have seen.
                   A       B       C       D       E      F
               +-------+-------+-------+-------+-------+----------------------
         Total | 100.0 | 100.0 |   N/A |   N/A | 100.0 | 424.6
       Dungeon | 100.0 | 100.0 |   N/A |   N/A | 100.0 | 424.6
               +-------+-------+-------+-------+-------+----------------------

Table legend: (Time is in decaauts)
 A = Elapsed time spent in this place.
 B = Non-inter-level travel time spent in this place.
 C = Inter-level travel time spent in this place.
 D = Time resting spent in this place.
 E = Time spent auto-exploring this place.
 F = Levels seen in this place.
 G = Mean time per level.
                   A        B        C        D        E       F      G
               +--------+--------+--------+--------+--------+-----+--------+
         Total |  11231 |  10914 |    317 |   5865 |   3481 |  10 | 1123.1 |
       Dungeon |  11231 |  10914 |    317 |   5865 |   3481 |  10 | 1123.1 |
               +--------+--------+--------+--------+--------+-----+--------+

Top non-repeatable levels by time:
     D:4: 2142 daAuts
     D:8: 1539 daAuts
     D:2: 1511 daAuts
     D:3: 1416 daAuts
     D:6: 1368 daAuts
     D:5: 1135 daAuts
     D:7: 969 daAuts
     D:1: 574 daAuts
     D:9: 570 daAuts
    D:10: 3 daAuts
